 Dungeon Crawl Stone Soup version 0.19.1-1-g22dce08 (webtiles) character file.

99556 Letos the Fencer (level 16, 0/122 HPs)
             Began as a Formicid Fighter on Jan 14, 2017.
             Was an Initiate of Gozag.
             Slain by Kirke (16 damage)
             ... on level 13 of the Dungeon.
             The game lasted 00:56:02 (23223 turns).

Letos the Fencer (Formicid Fighter)                Turns: 23223, Time: 00:56:02

Health: 0/122      AC:  0    Str: 21    XL:     16   Next: 76%
Magic:  16/16      EV: 21    Int: 15    God:    Gozag
Gold:   1533       SH:  5    Dex: 10    Spells: 1 memorised, 14 levels left

rFire  . . .     SeeInvis .     (weapon currently unavailable)
rCold  . . .     Gourm    .     (armour currently unavailable)
rNeg   . . .     Faith    .     (shield currently unavailable)
rPois  .         Spirit   .     (helmet unavailable)
rElec  .         Reflect  +     (cloak currently unavailable)
rCorr  .         Harm     .     (gloves currently unavailable)
MR     +....                    (boots currently unavailable)
Stlth  +.........               u - +5 amulet of reflection
                                (ring currently unavailable)
                                (ring currently unavailable)

@: pig-form, very slightly contaminated, drained, invisible, very quick
A: permanent stasis, dig shafts and tunnels, four strong arms, (antennae 0),
repulsion field 1, regeneration 1, wild magic 2
a: Potion Petition, Call Merchant, Bribe Branch, Renounce Religion


You were on level 13 of the Dungeon.
You worshipped Gozag.
Gozag was most pleased with you.
You were not hungry.
You were a filthy swine.
You visited 4 branches of the dungeon, and saw 22 of its levels.
You also visited: Labyrinth, Sewer and Ice Cave.

You collected 9837 gold pieces.
You spent 1538 gold pieces at shops.
You paid 6766 gold pieces to Gozag.

Inventory:

Hand Weapons
 i - a +4 great sword of freezing (melded)
 p - a +0 demon blade
 G - a +0 falchion of flaming
Armour
 b - the +2 pair of boots "Epsuhoem" (melded) {rCorr Dex+3}
   (You found it on level 9 of the Dungeon)

   It affects your dexterity (+3).
   It protects you from acid and corrosion.
 c - a +0 shield (melded)
 e - a +2 pair of gloves (melded)
 l - the +5 ring mail of Trog's Pride {*Drain rElec rCorr Dex-2}
   (You bought it in a shop on level 12 of the Dungeon)

   It affects your dexterity (-2).
   It insulates you from electricity.
   It protects you from acid and corrosion.
   It causes draining when unequipped.
 n - a +0 cloak (melded)
 w - a +0 large shield
 I - +2 ice dragon scales (melded)
Jewellery
 a - an uncursed ring of positive energy
 k - the ring of the Morning (melded) {rElec rC+ EV+3 Str+3 SInv}
   (You bought it in a shop on level 12 of the Dungeon)

   [ring of evasion]

   It affects your evasion (+3).
   It affects your strength (+3).
   It protects you from cold.
   It insulates you from electricity.
   It lets you see invisible.
 q - a cursed ring of teleportation {unknown}
 u - a +5 amulet of reflection (around neck)
 O - a ring of protection from fire (melded)
 V - an uncursed ring of stealth
 W - an uncursed ring of fire
Wands
 t - a wand of random effects (15/48)
 v - a wand of digging (20/24)
 E - a wand of disintegration (9/24)
 N - a wand of disintegration (12/24)
Scrolls
 j - 7 scrolls of remove curse
 s - 3 scrolls of fear
 y - 7 scrolls of fog
 F - 7 scrolls of magic mapping
Potions
 d - a potion of cancellation {unknown}
 m - 3 potions of resistance
 o - 8 potions of heal wounds
 r - 6 potions of curing
 R - 4 potions of flight
 X - a potion of might
Comestibles
 f - 5 bread rations
 h - a beef jerky
 z - 5 meat rations


   Skills:
 - Level 10.1(10.0) Fighting
 * Level 19.5(19.4) Long Blades
 - Level 10.0(9.8) Armour
 - Level 10.2(10.0) Dodging
 + Level 13.5(13.4) Shields


You had 14 spell levels left.
You knew the following spells:

 Your Spells              Type           Power        Failure   Level  Hunger
a - Apportation           Tloc           #.........   45%         1    ##.....


Dungeon Overview and Level Annotations

Branches:
Dungeon (13/15)            Temple (1/1) D:4            Lair (6/6) D:11
  Swamp (0/4) Lair:4       Spider (0/4) Lair:3        Slime (0/5) Lair:6
    Orc (2/2) D:9             Elf (0/3) Orc:2        Vaults (0/5) D:13

Altars:
Ashenzari
Cheibriados
Dithmenos
Elyvilon
Fedhas
Gozag
Hepliaklqana
Kikubaaqudgha
Nemelex Xobeh
Qazlal
Ru
Sif Muna
Trog
Vehumet
Xom
Zin
The Shining One
Beogh

Shops:
D:12 ===[   Orc:2 *([   Lair:2 (*

Annotations:
D:10 4 exclusions
D:13 Kirke


Innate Abilities, Weirdness & Mutations

You are under a permanent stasis effect.
You can dig through walls and to a lower floor.
Your four strong arms can wield two-handed weapons with a shield.
((You have a pair of large antennae on your head. (SInv)))
You are surrounded by a mild repulsion field. (EV +2)
Your natural rate of healing is unusually fast.
Your spells are harder to cast, but more powerful.


Message History

The hog squeals angrily.
The hog squeals angrily.
You hear an angry squeal.
The hog completely misses you.
You hear some strange, mumbled words.
Something summons a manticore!
The hog bites you.
* * * LOW HITPOINT WARNING * * *
The hog barely misses you. Kirke hits you!
* * * LOW HITPOINT WARNING * * *
As you read the scroll of fear, it crumbles to dust.
You assume a fearsome visage.
Kirke looks frightened!
Kirke casts a spell.
Kirke flickers and vanishes!
Unknown command.
Something hits you.
* * * LOW HITPOINT WARNING * * *
Something hits you!
You die...
Your body crumbles into a pile of gold.

#.....................# #.#
#.....................# #.#
#.....................######..
#.....>)))..........h.........
########(#######.#######.#####
#)# #.# #.# # #.# ###.# #h# #
#.# ##{#.# #.# # #.# #h#.{#
#.##### #.# ####k# #...h..
#.#######.#######.#####
#.........H.......# #
#.........#######.# #
#.........# #.# # #.........#
#.# # #.........# #.# #
###.........#######.#####


There were no monsters in sight!

Vanquished Creatures
  Rupert (Lair:3)
  A frost giant (IceCv)
  An orc warlord (Orc:2)
  Snorg (D:13)
  A minotaur (Lab)
  Josephine (D:13)
  7 vault guards (D:13)
  5 hydras
  2 catoblepae
  2 centaur warriors
  11 death yaks
  A deep troll shaman (Lair:6)
  An orc high priest (Orc:2)
  Sonja (D:12)
  An unseen horror (D:13)
  2 lindwurms
  3 orc knights
  3 hill giants
  6 orc sorcerers
  2 ugly things
  A deep elf mage (D:12)
  4 cyclopes
  A manticore (D:13)
  9 elephants
  6 centaur zombies
  2 ice statues (IceCv)
  8 black mambas
  A gargoyle (D:13)
  Joseph (D:9)
  The ghost of Letos the Slasher, a novice FoFi (D:6)
  8 spiny frogs
  4 rime drakes
  8 komodo dragons
  3 meliai (Lair:5)
  A queen bee (Lair:5)
  17 polar bears
  7 trolls
  A jumping spider (Lair:3)
  3 two-headed ogres
  26 blink frogs
  A minotaur skeleton (Lab)
  5 hippogriffs
  3 redbacks
  A shadow (D:12)
  A hog (D:13)
  3 wraiths (D:13)
  A vampire (D:12)
  8 wyverns
  4 basilisks
  69 yaks
  5 hungry ghosts
  13 vampire mosquitoes
  5 wargs
  Menkaure (D:4)
  Edmund (D:4)
  8 insubstantial wisps
  19 water moccasins
  6 porcupines
  A swamp drake (Lair:3)
  3 sky beasts
  27 orc warriors
  4 black bears
  6 phantoms
  3 ice beasts
  12 ogres
  A boggart (D:13)
  32 wolves
  14 crocodiles
  6 centaurs
  2 big kobolds
  21 bullfrogs
  A water moccasin zombie (D:6)
  5 scorpions
  A troll zombie (D:9)
  32 killer bees
  A water moccasin skeleton (D:4)
  A troll skeleton (Lab)
  13 wights
  5 howler monkeys
  3 crimson imps
  2 bullfrog zombies
  6 hounds
  8 jellies
  17 orc priests
  25 orc wizards
  A bullfrog skeleton (D:9)
  6 iguanas
  15 worker ants
  A killer bee zombie (D:7)
  7 ogre zombies (D:9)
  2 hound zombies
  2 hound skeletons
  A howler monkey zombie (D:8)
  23 adders
  7 gnolls
  5 river rats
  4 shadow imps
  5 oozes
  An adder zombie (D:7)
  An adder skeleton (D:8)
  3 dart slugs
  8 worms
  8 leopard geckos
  85 orcs
  11 ball pythons
  4 giant cockroaches
  7 goblins
  10 hobgoblins
  9 jackals
  3 quokkas (D:6)
  14 bats
  10 frilled lizards
  3 goblin zombies (D:9)
  A hobgoblin skeleton (D:9)
  4 hobgoblin zombies (D:9)
  21 kobolds
  An orc skeleton (D:9)
  15 orc zombies (D:9)
  3 quokka skeletons
  37 rats
  A fungus (D:11)
  A plant (Lair:3)
911 creatures vanquished.

Vanquished Creatures (collateral kills)
  3 fungi (D:11)
3 creatures vanquished.

Vanquished Creatures (others)
  2 centaur warriors (D:13)
  A cyclops (D:13)
  A yak (Lair:3)
  A big kobold (D:8)
  An orc (Orc:2)
  A kobold (D:8)
  6 fungi
  10 plants
23 creatures vanquished.

Grand Total: 937 creatures vanquished

Notes
Turn   | Place    | Note
-------+----------+-------------------------------------------
     0 | D:1      | Letos the Formicid Fighter began the quest for the Orb.
     0 | D:1      | Reached XP level 1. HP: 18/18 MP: 1/1
   206 | D:1      | Reached XP level 2. HP: 7/24 MP: 2/2
   579 | D:1      | Reached skill level 3 in Long Blades
   737 | D:1      | Reached XP level 3. HP: 29/29 MP: 3/3
  1703 | D:2      | Reached skill level 4 in Long Blades
  1703 | D:2      | Reached XP level 4. HP: 30/35 MP: 4/4
  2298 | D:2      | Found a hazy altar of Hepliaklqana.
  2678 | D:2      | Reached XP level 5. HP: 27/41 MP: 5/5
  2681 | D:2      | Reached skill level 5 in Long Blades
  3755 | D:4      | Reached XP level 6. HP: 47/47 MP: 6/6
  3777 | D:4      | Reached skill level 6 in Long Blades
  3854 | D:4      | Found a staircase to the Ecumenical Temple.
  3868 | Temple   | Entered the Ecumenical Temple
  3965 | Temple   | Became a worshipper of Gozag Ym Sagoz the Greedy
  4211 | D:4      | Reached skill level 7 in Long Blades
  4211 | D:4      | Reached XP level 7. HP: 33/52 MP: 7/7
  4384 | D:4      | Noticed Edmund
  4398 | D:4      | Killed Edmund
  4469 | D:4      | Noticed Menkaure
  4478 | D:4      | Killed Menkaure
  4478 | D:4      | Reached skill level 8 in Long Blades
  4710 | D:5      | Entered Level 5 of the Dungeon
  5055 | D:5      | Reached XP level 8. HP: 58/58 MP: 8/8
  5363 | D:5      | Reached skill level 9 in Long Blades
  5610 | D:5      | Found a white marble altar of Elyvilon.
  5610 | D:5      | Found a glowing golden altar of the Shining One.
  5794 | D:6      | Reached skill level 5 in Shields
  5800 | D:6      | Gained mutation: Your natural rate of healing is unusually fast. [potion of beneficial mutation]
  5888 | D:6      | Found a snail-covered altar of Cheibriados.
  6075 | D:6      | Reached XP level 9. HP: 64/64 MP: 9/9
  6098 | D:6      | Noticed Letos's ghost (novice FoFi)
  6135 | D:6      | Reached skill level 10 in Long Blades
  6147 | D:6      | Killed Letos's ghost
  6235 | D:6      | Found a glowing drain.
  6239 | Sewer    | Entered a sewer
  6904 | D:6      | Reached skill level 11 in Long Blades
  6921 | D:6      | Found a shimmering altar of Xom.
  7261 | D:7      | Reached XP level 10. HP: 65/70 MP: 10/10
  7543 | D:7      | Reached skill level 12 in Long Blades
  8164 | D:9      | Got a pair of spiked boots
  8175 | D:9      | Identified the +2 pair of boots "Epsuhoem" {rCorr Dex+3} (You found it on level 9 of the Dungeon)
  8449 | D:9      | Noticed Joseph
  8450 | D:9      | Found a staircase to the Orcish Mines.
  8514 | D:9      | Reached skill level 5 in Fighting
  8514 | D:9      | Reached skill level 5 in Armour
  8538 | D:9      | Killed Joseph
  8538 | D:9      | Reached skill level 1 in Dodging
  8675 | D:9      | Reached XP level 11. HP: 80/80 MP: 11/11
  8939 | D:9      | Found a bloodstained altar of Trog.
  9481 | D:10     | Entered Level 10 of the Dungeon
  9530 | D:10     | Noticed a hill giant
  9540 | D:10     | Killed a hill giant
  9661 | D:10     | Reached skill level 13 in Long Blades
 10412 | D:11     | Noticed a cyclops
 10426 | D:11     | Killed a cyclops
 10541 | D:11     | Noticed a green ugly thing
 10556 | D:11     | Killed a green ugly thing
 10579 | D:11     | Reached skill level 5 in Dodging
 10684 | D:11     | Found a staircase to the Lair.
 11443 | Lair:1   | Entered Level 1 of the Lair of Beasts
 11456 | D:11     | Reached XP level 12. HP: 89/89 MP: 12/12
 12137 | Lair:2   | Noticed a six-headed hydra
 12214 | Lair:2   | Noticed a catoblepas
 12245 | Lair:2   | Killed a catoblepas
 12254 | Lair:2   | Bought a +0 falchion of flaming for 103 gold pieces
 12510 | Lair:2   | Killed a one-headed hydra
 12510 | Lair:2   | Reached skill level 14 in Long Blades
 13161 | Lair:3   | Found a hole to the Spider Nest.
 13460 | Lair:3   | Reached XP level 13. HP: 98/98 MP: 13/13
 14497 | Lair:4   | Noticed Rupert
 14551 | Lair:3   | Killed Rupert
 14699 | Lair:3   | Reached skill level 15 in Long Blades
 14851 | Lair:4   | Found a staircase to the Swamp.
 15314 | Lair:4   | Identified a scroll of acquirement
 15403 | Lair:4   | Reached XP level 14. HP: 107/108 MP: 14/14
 15977 | Lair:5   | Found a labyrinth entrance.
 15986 | Lab      | Entered a labyrinth
 16066 | Lab      | Reached skill level 10 in Dodging
 16466 | Lair:5   | Reached skill level 10 in Fighting
 16638 | Lair:5   | Reached skill level 10 in Armour
 16907 | Lair:5   | Reached skill level 16 in Long Blades
 17536 | Lair:5   | Reached skill level 10 in Shields
 17720 | Lair:6   | Entered Level 6 of the Lair of Beasts
 17726 | Lair:6   | Found a frozen archway.
 17733 | IceCv    | Entered an ice cave
 18149 | IceCv    | Reached XP level 15. HP: 115/115 MP: 15/15
 18157 | IceCv    | Noticed a frost giant
 18172 | IceCv    | Killed a frost giant
 18455 | Lair:6   | Learned a level 1 spell: Apportation
 18586 | Lair:6   | Reached skill level 17 in Long Blades
 19542 | Lair:6   | Found a staircase to the Slime Pits.
 19844 | Lair:1   | Gained mutation: You are robust. (+10% HP) [potion of mutation]
 19844 | Lair:1   | Gained mutation: Your spells are a little easier to cast, but a little less powerful. [potion of mutation]
 19844 | Lair:1   | Lost mutation: Your spells are a little easier to cast, but a little less powerful. [potion of mutation]
 19845 | Lair:1   | Gained mutation: You are agile. (Dex +2) [potion of mutation]
 19845 | Lair:1   | Gained mutation: You are partially covered in thin metallic scales. (AC +2) [potion of mutation]
 19845 | Lair:1   | Gained mutation: You are dopey. (Int -2) [potion of mutation]
 19846 | Lair:1   | Lost mutation: You are robust. (+10% HP) [potion of mutation]
 19846 | Lair:1   | Gained mutation: Your body sometimes deteriorates upon taking damage. [potion of mutation]
 19846 | Lair:1   | Lost mutation: You are agile. (Dex +2) [potion of mutation]
 19847 | Lair:1   | Gained mutation: Your spells are a little harder to cast, but a little more powerful. [potion of mutation]
 19847 | Lair:1   | Gained mutation: You are surrounded by a mild repulsion field. (EV +2) [potion of mutation]
 19847 | Lair:1   | Gained mutation: You are clumsy. (Dex -2) [potion of mutation]
 19848 | Lair:1   | Gained mutation: Your spells are harder to cast, but more powerful. [potion of mutation]
 19848 | Lair:1   | Gained mutation: You are very clumsy. (Dex -4) [potion of mutation]
 19849 | Lair:1   | Lost mutation: You are partially covered in thin metallic scales. (AC +2) [potion of cure mutation]
 19849 | Lair:1   | Lost mutation: You are dopey. (Int -2) [potion of cure mutation]
 19849 | Lair:1   | Lost mutation: Your body sometimes deteriorates upon taking damage. [potion of cure mutation]
 19849 | Lair:1   | Lost mutation: You are very clumsy. (Dex -4) [potion of cure mutation]
 19849 | Lair:1   | Lost mutation: You are clumsy. (Dex -2) [potion of cure mutation]
 19952 | Orc:1    | Entered Level 1 of the Orcish Mines
 20425 | Orc:2    | Entered Level 2 of the Orcish Mines
 20526 | Orc:2    | Found a roughly hewn altar of Beogh.
 20565 | Orc:2    | Found a roughly hewn altar of Beogh.
 20631 | Orc:2    | Reached skill level 18 in Long Blades
 20820 | Orc:2    | Found a roughly hewn altar of Beogh.
 20890 | Orc:2    | Found Hueh's Antique Weapon Shoppe.
 20982 | Orc:2    | Found a staircase to the Elven Halls.
 21036 | Orc:2    | Noticed an orc warlord
 21071 | Orc:2    | Killed an orc warlord
 21138 | Orc:2    | Reached XP level 16. HP: 120/122 MP: 16/16
 21216 | Orc:2    | Found Vydidibb's Antique Armour Shoppe.
 21217 | Orc:2    | Found a roughly hewn altar of Beogh.
 21220 | Orc:2    | Found Wituv's Antique Weapon Emporium.
 21232 | Orc:2    | Bought a slimy robe for 159 gold pieces
 21242 | Orc:2    | Identified the +0 robe "Nuar" {rElec rPois Regen+ Int-4} (You bought it in a shop on level 2 of the Orcish Mines)
 21281 | Orc:2    | Found a roughly hewn altar of Beogh.
 21565 | Orc:2    | Found a roughly hewn altar of Beogh.
 21586 | Orc:2    | Found Giej's Assorted Antiques.
 21605 | Orc:2    | Bought a scroll of identify for 54 gold pieces
 21605 | Orc:2    | Bought a potion of invisibility for 216 gold pieces
 21692 | Orc:2    | Found a roughly hewn altar of Beogh.
 22407 | D:12     | Bought the ring of the Morning {rElec rC+ EV+3 Str+3 SInv} for 682 gold pieces
 22412 | D:12     | Bought a jewelled ring mail for 324 gold pieces
 22412 | D:12     | Identified the +5 ring mail of Trog's Pride {*Drain rElec rCorr Dex-2} (You bought it in a shop on level 12 of the Dungeon)
 22434 | D:13     | Noticed Sonja
 22442 | D:12     | Killed Sonja
 22532 | D:13     | Noticed Josephine
 22546 | D:13     | Killed Josephine
 22572 | D:13     | Noticed Snorg
 22582 | D:13     | Killed Snorg
 22620 | D:13     | Reached skill level 19 in Long Blades
 22724 | D:13     | Found a gate to the Vaults.
 23101 | D:13     | Noticed Kirke
 23223 | D:13     | Slain by Kirke

Skill      XL: |  1  2  3  4  5  6  7  8  9 10 11 12 13 14 15 16 |
---------------+-------------------------------------------------+-----
Long Blades    | 3 4 5 7 8 9 11 12 13 14 15 16 18 19 | 19.5
Shields        | 5 7 9 10 12 13 | 13.5
Fighting       | 5 6 8 9 10 | 10.1
Armour         | 5 6 8 9 10 | 10.0
Dodging        | 1 5 7 9 10 | 10.2

Action                   |  1- 3 |  4- 6 |  7- 9 | 10-12 | 13-15 | 16-18 || total
-------------------------+-------+-------+-------+-------+-------+-------++-------
Melee: Long sword        |   100 |   181 |   408 |  1077 |   480 |       ||  2246
       Falchion          |       |       |       |     7 |    20 |     7 ||    34
       Great sword       |       |       |       |       |   990 |   383 ||  1373
       Unarmed           |       |       |       |       |       |    38 ||    38
Invok: Potion Petition   |       |       |       |     2 |     2 |       ||     4
       Call Merchant     |       |       |       |     2 |       |     4 ||     6
 Abil: Dig               |     2 |     3 |     4 |    11 |    24 |     2 ||    46
  Use: Potion            |     1 |       |     5 |     1 |    14 |     2 ||    23
       Scroll            |       |     9 |    11 |    12 |    12 |     5 ||    49
 Stab: Invisible         |       |       |     8 |     9 |     5 |       ||    22
       Distracted        |       |       |     2 |     3 |    14 |     2 ||    21
       Petrified         |       |       |       |       |     4 |       ||     4
       Petrifying        |       |       |       |       |     1 |       ||     1
  Eat: Chunk             |     3 |     8 |       |     1 |       |       ||    12
       Bread ration      |       |       |     2 |       |     3 |     1 ||     6
       Pizza             |       |       |     1 |       |       |       ||     1
       Fruit             |       |       |     2 |     8 |     9 |       ||    19
       Meat ration       |       |       |       |     3 |     2 |     1 ||     6
       Beef jerky        |       |       |       |     6 |       |       ||     6
Armor: Ring mail         |    46 |    64 |    87 |       |       |       ||   197
       Ice dragon scales |       |       |    27 |   200 |   274 |    50 ||   551
Dodge: Dodged            |    60 |    81 |   173 |   275 |   493 |   117 ||  1199
Block: Buckler           |    15 |    53 |   167 |    92 |       |       ||   327
       Reflection        |       |     1 |     4 |    12 |     4 |    18 ||    39
       Shield            |       |       |       |   409 |   906 |   249 ||  1564
       Other             |       |       |       |       |       |     2 ||     2
       Rpst.: Long sword |    28 |    26 |    52 |    82 |    32 |       ||   220
       Great sword       |       |       |       |       |    91 |    30 ||   121
       Falchion          |       |       |       |       |     1 |       ||     1
